 Dungeon Crawl Stone Soup version 0.29.1-15-g9cfb28693d (webtiles) character file.

Game seed: 660224314257494111

84 GigaChad the Covered (level 4, -5/40 HPs)
             Began as a Minotaur Fighter on Mar 13, 2023.
             Succumbed to Terence's poison
             ... on level 2 of the Dungeon.
             The game lasted 00:01:50 (1207 turns).

GigaChad the Covered (Minotaur Fighter)             Turns: 1207, Time: 00:01:51

Health: -5/40      AC: 12    Str: 23    XL:     4   Next: 24%
Magic:  3/3        EV:  6    Int:  5    God:
Gold:   85         SH:  4    Dex:  9    Spells: 3/3 levels left

rFire   . . .      SeeInvis .   a - +0 war axe
rCold   . . .      Faith    .   c - +0 buckler
rNeg    . . .      Spirit   .   j - +0 plate armour
rPois   .          Reflect  .   (helmet restricted)
rElec   .          Harm     .   (no cloak)
rCorr   .          Rampage  .   (no gloves)
Will    .....                   (no boots)
Stlth   ..........              (no amulet)
HPRegen 0.13/turn               (no ring)
MPRegen 0.08/turn               (no ring)

@: lethally poisoned (-5 -> -32)
A: horns 2, retaliatory headbutt
a: no special abilities


You were on level 2 of the Dungeon.
You visited 1 branch of the dungeon, and saw 2 of its levels.

You collected 85 gold pieces.

Inventory:

Hand Weapons
 a - a +0 war axe (weapon)
Armour
 b - a +0 scale mail
 c - a +0 buckler (worn)
 j - a +0 plate armour (worn)
 k - the +3 leather armour "Ukih" {rElec rC- Str+2}
   (You found it on level 2 of the Dungeon)

   Str:       It affects your strength (+2).
   rC:        It makes you vulnerable to cold.
   rElec:     It insulates you from electricity.
Scrolls
 f - a scroll of vulnerability {unknown}
 h - 3 scrolls of identify {unknown}
 i - a scroll of summoning {unknown}
Potions
 d - a potion of might
 e - a potion of haste
 g - a potion of curing {unknown}


   Skills:
 + Level 4.2 Fighting
 + Level 3.1 Axes
 + Level 4.9 Armour
 + Level 0.1 Dodging
 + Level 4.2 Shields


You had 3 spell levels left.
You didn't know any spells.
Your spell library was empty.

Dungeon Overview and Level Annotations

Branches:
Dungeon (2/15)

Altars:

Annotations:
D:2 Terence


Innate Abilities, Weirdness & Mutations

You have a pair of horns on your head.
You reflexively headbutt those who attack you in melee.


Message History

You are poisoned.
You miss Natasha. You headbutt Natasha.
Natasha is heavily wounded.
You hit Terence but do no damage.
You feel very sick. Natasha claws you but does no damage.
Terence hits you with a +1 hand axe of venom.
You are more poisoned.
Natasha wildly gestures.
You feel disoriented. Natasha claws you.
There are monsters nearby!
You closely miss Natasha.
Natasha is heavily wounded.
You hit the rat.
You kill the rat!
You barely miss Terence.
You feel very sick. Natasha claws you.
Terence hits you with a +1 hand axe of venom.
You are lethally poisoned!
The endoplasm jiggles.
Natasha extends her claws.
Natasha claws you but does no damage.
Terence hits you with a +1 hand axe of venom.
You are more poisoned.
You closely miss Natasha.
Natasha is heavily wounded.
You slash Terence! You hit the endoplasm.
You kill the endoplasm!
* * * LOW HITPOINT WARNING * * *
You feel extremely sick.
Natasha mumbles some strange words.
You block Terence's attack. Natasha claws you.
* * * LOW HITPOINT WARNING * * *
You slash Natasha! You headbutt Natasha.
You kill Natasha!
Natasha growls in agony!
The shadow imp disappears in a puff of smoke!
You barely miss Terence.
You die...

....#########
............
#...........
#...........
#.....§..... #
#...........
####.#.##.###..@........
...#...##.......@.......
.......# ###....†...(.#.
...#... ....#...####.#
.###..###### #.#...<#
..##.......#+#.#.##.#
...#.†.........#.# #
.#.............#.#
+##............#.#
...#..##'#.#'#.#.#


You could see Terence.

Vanquished Creatures
  Natasha (twice) (D:2)
  An adder (D:2)
  2 dart slugs
  2 ball pythons (D:1)
  9 endoplasms
  3 giant cockroaches (D:1)
  9 hobgoblins
  2 quokkas
  A frilled lizard (D:1)
  3 goblins (D:1)
  5 kobolds
  5 rats
44 creatures vanquished.

Vanquished Creatures (others)
  A fungus (D:1)
  2 plants (D:1)
3 creatures vanquished.

Grand Total: 47 creatures vanquished

Notes
Turn   | Place    | Note
-------+----------+-------------------------------------------
     0 | D:1      | GigaChad the Minotaur Fighter began the quest for the Orb.
     0 | D:1      | Reached XP level 1. HP: 19/19 MP: 0/0
   133 | D:1      | Reached XP level 2. HP: 20/27 MP: 1/1
   532 | D:1      | Found a faded altar of an unknown god.
   649 | D:1      | Reached XP level 3. HP: 33/33 MP: 2/2
  1131 | D:2      | Identified the +3 leather armour "Ukih" {rElec rC- Str+2}
  1137 | D:2      | Noticed Natasha
  1141 | D:2      | Killed Natasha
  1142 | D:2      | Reached XP level 4. HP: 40/40 MP: 3/3
  1198 | D:2      | Noticed Natasha
  1199 | D:2      | Noticed Terence
  1206 | D:2      | HP: 2/40 [Natasha (1)]
  1207 | D:2      | Killed Natasha
  1207 | D:2      | Succumbed to Terence's poison

Illustrated notes

Levels and vault maps discovered:
D:1:      scummos_arrival_star, layout_loops_ring, shapermc_ecumenical_altar_gd,
          bh_walls_and_bars
D:2:      layout_basic, minivault_26, uniq_natasha, uniq_jessica, uniq_terence

Skill      XL: |  1  2  3 |
---------------+----------+-----
Shields        | 4 |  4.2
Fighting       | 4 |  4.2
Armour         | 4 |  4.9
Axes           | 3 |  3.1
Dodging        | |  0.1

Action                   |  1- 3 |  4- 6 || total
-------------------------+-------+-------++-------
Melee: War axe           |    70 |    10 ||    80
       Headbutt          |     8 |     2 ||    10
Armor: Scale mail        |    28 |       ||    28
       Plate armour      |     3 |     7 ||    10
Dodge: Dodged            |    30 |     3 ||    33
Block: Buckler           |    15 |     1 ||    16
